[Event "Titled Tuesday Blitz May 30 Late 2023"]
[White "Melikyan, Gnel"]
[Black "Seletsky, Grigory"]
[WhiteFideId "54109990"]
[BlackFideId "14112191"]
[WhiteElo "2138"]
[BlackElo "2491"]
[Result "1-0"]
[Round "09"]
[TimeControl "180+2"]
[Date "2023.05.31"]
[WhiteClock "0:01:25"]
[BlackClock "0:00:01"]

1. e4 c6 2. Nf3 d5 3. Nc3 Bg4 4. h3 Bxf3 5. Qxf3 e6 6. b3 Nf6 7. Bb2 Be7 8. O-O-O O-O 9. g4 a5 10. g5 Nfd7 11. h4 Na6 12. Bh3 Nac5 13. Rdg1 a4 14. g6 hxg6 15. h5 g5 16. h6 d4 17. hxg7 Kxg7 18. Ne2 Ne5 19. Qg3 Ng6 20. Nxd4 Bf6 21. Qe3 axb3 22. axb3 Ra2 23. Bc3 Qa8 24. Kd1 Qa7 25. Rxg5 Rh8 26. Rxg6+ fxg6 27. Rg1 Rxh3 28. Nf5+ exf5 29. Bxf6+ Kf7 30. Qxh3 Ra1+ 31. Bxa1 Qxa1+ 32. Ke2 Qxg1 33. Qh7+ Ke6 34. Qg8+ Kd7 35. Qf7+ Kc8 36. Qf8+ Kc7 37. Qxc5 Qg4+ 38. f3 Qg2+ 39. Qf2 Qg5 40. exf5 Qxf5 41. d3 Qe5+ 42. Kd2 Qf4+ 43. Qe3 Qh2+ 44. Kc3 Qd6 45. d4 b5 46. Qe5 Qxe5 47. dxe5 c5 48. Kd3 1-0


[Site "https://www.chess.com"]

[Event "Titled Tuesday Blitz May 30 Late 2023"]
[White "Perez, Maximiliano"]
[Black "Le Goff, Ronan"]
[WhiteFideId "117234"]
[BlackFideId "612073"]
[WhiteElo "2344"]
[BlackElo "2275"]
[Result "1-0"]
[Round "09"]
[TimeControl "180+2"]
[Date "2023.05.31"]
[WhiteClock "0:00:40"]
[BlackClock "0:00:21"]

1. e4 e5 2. Nf3 Nc6 3. Bc4 Bc5 4. O-O Nf6 5. d3 d6 6. c3 Bb6 7. Nbd2 O-O 8. h3 Re8 9. Re1 Be6 10. Bxe6 Rxe6 11. b4 a6 12. a4 h6 13. Bb2 Qd7 14. Nf1 Rd8 15. Qc2 d5 16. Rad1 d4 17. b5 axb5 18. axb5 Ne7 19. cxd4 Bxd4 20. Bxd4 exd4 21. Qc4 Nc8 22. Rc1 c6 23. e5 Ne8 24. bxc6 Rxc6 25. Qb4 Rb6 26. Qa5 Re6 27. Re4 b6 28. Qb4 Rc6 29. Rxc6 Qxc6 30. Rxd4 Rxd4 31. Nxd4 Qc1 32. Qc4 Qxc4 33. dxc4 Nc7 34. Ne3 Kf8 35. f4 Ke7 36. f5 Kd7 37. Kf2 Ne7 38. Kf3 Nc6 39. Ke4 Na5 40. g4 Na6 41. e6+ fxe6 42. fxe6+ Ke8 43. Ndf5 Nc5+ 44. Ke5 g6 45. Nd6+ Kd8 46. Nd5 Nc6+ 47. Kf6 h5 48. e7+ Nxe7 49. Nxe7 hxg4 50. hxg4 Kd7 51. Ndc8 Ne4+ 52. Kxg6 Nf2 53. g5 Nd1 54. Kf7 Ne3 55. Nxb6+ Kc7 56. Nbd5+ 1-0


[Site "https://www.chess.com"]

[Event "Titled Tuesday Blitz May 30 Late 2023"]
[White "brm72"]
[Black "MariusBieliauskas"]
[WhiteElo "2582"]
[BlackElo "2459"]
[Result "1/2-1/2"]
[Round "09"]
[TimeControl "180+2"]
[Date "2023.05.31"]
[WhiteClock "0:00:21"]
[BlackClock "0:00:12"]

1. e4 c6 2. d4 d5 3. e5 c5 4. dxc5 Nc6 5. f4 Bf5 6. Nf3 e6 7. Be3 Bg4 8. c3 Nge7 9. h3 Nf5 10. Bf2 Bxf3 11. Qxf3 h5 12. g4 hxg4 13. hxg4 Rxh1 14. Qxh1 Nfe7 15. Na3 g5 16. Nb5 Ng6 17. f5 Ngxe5 18. fxe6 fxe6 19. O-O-O Qd7 20. Bg3 O-O-O 21. Qh5 Bxc5 22. Qxg5 Nf7 23. Qf4 a6 24. Qc7+ Qxc7 25. Nxc7 Bd6 26. Nxe6 Bxg3 27. Nxd8 Kxd8 28. Rxd5+ Ke7 29. Kc2 Bf4 30. Bd3 Nfe5 31. Bf5 Bg5 32. Bc8 Nf3 33. Bxb7 Nce5 34. Bxa6 Nxg4 35. Kd3 Nfe5+ 36. Ke4 Ke6 37. Bc8+ Kf6 38. Rd6+ Ke7 39. Re6+ Kd8 40. Bb7 Nc4 41. Rg6 Nf2+ 42. Kf3 Ne5+ 43. Kxf2 Nxg6 44. Ke2 Kc7 45. Kd3 Kxb7 46. Kc4 Ne7 47. b4 Nc8 48. a4 Nd6+ 49. Kb3 Kb6 50. c4 Bd8 51. c5+ Kc6 52. cxd6 Kxd6 53. Kc4 Kc6 54. b5+ Kb7 55. Kb4 Bb6 56. a5 Bxa5+ 57. Kxa5 Ka7 58. b6+ Kb7 59. Kb5 Kb8 60. Kc6 Kc8 61. Kd6 Kb7 62. Kc5 Kb8 63. Kb5 Kb7 64. Kc5 Kb8 65. Kb4 Kb7 66. Ka5 Kb8 67. Kb5 Kb7 68. Ka5 Kb8 69. Ka6 Ka8 70. b7+ Kb8 71. Kb6 1/2-1/2


[Site "https://www.chess.com"]

[Event "Titled Tuesday Blitz May 30 Late 2023"]
[White "Fiorito, Francisco"]
[Black "Gomez Barrera, Javiera Belen"]
[WhiteFideId "180165"]
[BlackFideId "3418723"]
[WhiteElo "2341"]
[BlackElo "2119"]
[Result "1-0"]
[Round "09"]
[TimeControl "180+2"]
[Date "2023.05.31"]
[WhiteClock "0:00:24"]
[BlackClock "0:00:02"]

1. e4 e5 2. Nf3 Nc6 3. Bb5 a6 4. Ba4 Nf6 5. O-O Be7 6. Re1 b5 7. Bb3 d6 8. c3 O-O 9. h3 Bb7 10. d4 Re8 11. a4 Bf8 12. Na3 exd4 13. Ng5 Re7 14. cxd4 h6 15. Nxf7 Rxf7 16. axb5 axb5 17. Bxf7+ Kxf7 18. Qb3+ d5 19. Qxb5 Rb8 20. exd5 Qxd5 21. Be3 Ba8 22. Qxd5+ Nxd5 23. Nc4 Bb4 24. Rec1 Bb7 25. Rc2 Re8 26. Ra4 Bf8 27. b3 Kg8 28. Rc1 Nce7 29. Ne5 Nf5 30. Bd2 Bd6 31. Nf3 Re2 32. Re1 Rxe1+ 33. Nxe1 Kh7 34. Nc2 Bc6 35. Ra7 Bb5 36. Be3 Bd3 37. Ne1 Be2 38. g4 Nfxe3 39. fxe3 Nxe3 40. Kf2 Nd5 41. Kxe2 Nf4+ 42. Kf3 Nxh3 43. Nd3 Ng5+ 44. Ke3 Ne6 45. Ra6 g6 46. Ne5 h5 47. gxh5 gxh5 48. Ra2 Kh6 49. Rg2 Ng5 50. Rh2 Be7 51. Ng4+ Kg6 52. Ne5+ Kh6 53. Rg2 1-0


[Site "https://www.chess.com"]

[Event "Titled Tuesday Blitz May 30 Late 2023"]
[White "Zaitsev, Alexander"]
[Black "Golubev, Mikhail"]
[WhiteFideId "4164490"]
[BlackFideId "14100983"]
[WhiteElo "2373"]
[BlackElo "2374"]
[Result "1-0"]
[Round "09"]
[TimeControl "180+2"]
[Date "2023.05.31"]
[WhiteClock "0:00:15"]
[BlackClock "0:00:01"]

1. e4 c5 2. Nf3 d6 3. d4 Nf6 4. Nc3 cxd4 5. Qxd4 Nc6 6. Bb5 Bd7 7. Bxc6 Bxc6 8. Bg5 e6 9. O-O-O Be7 10. Rhe1 O-O 11. Kb1 Qa5 12. Qd2 Rfc8 13. Nd4 Be8 14. Nd5 Qxd2 15. Nxe7+ Kf8 16. Bxd2 Kxe7 17. Bb4 a5 18. Ba3 b5 19. c3 Ng4 20. f3 Ne5 21. b3 b4 22. cxb4 a4 23. Kb2 axb3 24. axb3 g5 25. b5 Rd8 26. g3 Kf6 27. f4 gxf4 28. gxf4 Ng6 29. Bxd6 Ra7 30. Nc6 Bxc6 31. bxc6 Rc8 32. Rc1 e5 33. f5 Nf4 34. Re3 1-0


[Site "https://www.chess.com"]

[Event "Titled Tuesday Blitz May 30 Late 2023"]
[White "KorolDimitriy75"]
[Black "Bilan, Danila"]
[BlackFideId "24161918"]
[WhiteElo "2440"]
[BlackElo "2182"]
[Result "1-0"]
[Round "09"]
[TimeControl "180+2"]
[Date "2023.05.31"]
[WhiteClock "0:00:27"]
[BlackClock "0:00:02"]

1. d4 d5 2. c4 c6 3. Nc3 Nf6 4. e3 e6 5. Nf3 Nbd7 6. Bd3 Bd6 7. O-O O-O 8. e4 dxc4 9. Bxc4 e5 10. Bg5 Qc7 11. Rc1 exd4 12. Qxd4 Ne5 13. Bxf6 Nxf3+ 14. gxf3 gxf6 15. Qxf6 Be5 16. Qh4 Kh8 17. Kh1 Rg8 18. Rg1 Be6 19. Rg3 Bxg3 20. hxg3 Bxc4 21. Kg2 Qe5 22. Rh1 Rg7 23. f4 Qd4 24. Rd1 Qb6 25. Rd7 Be6 26. Rd6 Qc7 27. e5 Rag8 28. Qf6 b5 29. f5 Bd5+ 30. Nxd5 cxd5 31. Rxd5 Qc2 32. Rd7 Qe2 33. Rxf7 Qe4+ 34. Kg1 Qg4 35. e6 Qg5 36. Qe5 h6 37. e7 Re8 38. Rf8+ 1-0


[Site "https://www.chess.com"]

[Event "Titled Tuesday Blitz May 30 Late 2023"]
[White "Shapiro, Viktor"]
[Black "Garakov, Mikhael"]
[WhiteFideId "4175700"]
[BlackFideId "4169034"]
[WhiteElo "2152"]
[BlackElo "2347"]
[Result "1-0"]
[Round "09"]
[TimeControl "180+2"]
[Date "2023.05.31"]
[WhiteClock "0:00:12"]
[BlackClock "0:00:01"]

1. c4 Nf6 2. Nc3 c5 3. g3 e6 4. Bg2 d5 5. Nf3 d4 6. Na4 Nc6 7. O-O Be7 8. d3 O-O 9. e3 e5 10. exd4 exd4 11. Re1 h6 12. a3 a5 13. Qb3 Ra6 14. Bf4 g5 15. Bd2 Nd7 16. Qb5 Na7 17. Qb3 Nc6 18. h4 Kg7 19. hxg5 hxg5 20. Rxe7 Qxe7 21. Re1 Qd6 22. Nxg5 Nce5 23. Bf4 f6 24. Ne4 Qc7 25. Qd1 Re6 26. Qd2 Rh8 27. b4 axb4 28. axb4 b6 29. bxc5 bxc5 30. Rb1 Ra6 31. Qd1 Qa7 32. Nb2 Ng6 33. Bd2 Nde5 34. f4 Ng4 35. Qf3 Ra2 36. Nd6 Bd7 37. Qd5 Ne3 38. Bxe3 dxe3 39. Qf7+ Kh6 40. Qxf6 Rf8 41. Nf7+ Rxf7 42. Qxf7 Bg4 43. Qf6 Ra6 44. Qg5+ Kg7 45. Qxg4 Ra1 46. Qd1 e2 47. Qe1 Rxb1 48. Qxb1 Qa5 49. Kf2 Qd2 50. Qe1 Qxb2 51. Qxe2 Qd4+ 52. Qe3 Qb2+ 53. Kg1 Kf7 54. Be4 Ne7 55. g4 Qb1+ 56. Kg2 Qd1 57. Kg3 Qf1 58. Bg2 Qd1 59. Qe4 Qd2 60. f5 Qc1 61. Qe6+ Kf8 62. f6 Ng6 63. Qc8+ Kf7 64. Qc7+ Kxf6 65. Qd6+ Kg7 66. Be4 Qe3+ 67. Bf3 Ne5 68. Qe7+ Kg8 69. Qd8+ Kg7 70. Qe7+ Kg8 71. Qf6 Nxd3 72. g5 Qf2+ 73. Kg4 Qg1+ 74. Kf5 Qf1 75. Kg6 1-0


[Site "https://www.chess.com"]

[Event "Titled Tuesday Blitz May 30 Late 2023"]
[White "Skaric, Djuro"]
[Black "Becerra, Juan David"]
[WhiteFideId "934569"]
[BlackFideId "4404998"]
[WhiteElo "2282"]
[BlackElo "2304"]
[Result "1-0"]
[Round "09"]
[TimeControl "180+2"]
[Date "2023.05.31"]
[WhiteClock "0:01:15"]
[BlackClock "0:00:04"]

1. g3 d5 2. Bg2 Nf6 3. d3 c6 4. Nf3 Bg4 5. O-O Nbd7 6. h3 Bxf3 7. Bxf3 e5 8. Bg2 Bc5 9. Nc3 O-O 10. e4 dxe4 11. dxe4 a5 12. Qe2 a4 13. a3 Qb6 14. Rb1 Bd4 15. Bd2 Nc5 16. Kh2 Ne6 17. f4 exf4 18. gxf4 Rfe8 19. e5 Bxc3 20. Bxc3 Nd5 21. Bd2 f5 22. c4 Ne7 23. Be3 Qb3 24. Rg1 Rad8 25. Bf1 g6 26. Qf2 b5 27. Rc1 Rd7 28. Rg2 Red8 29. Rc3 Qd1 30. cxb5 cxb5 31. Bxb5 Nd5 32. Bxd7 Rxd7 33. Rc1 Qd3 34. Bd2 Qe4 35. Rf1 Nd4 36. Bc3 Nxc3 37. bxc3 Ne6 38. h4 Rd3 39. h5 Kf7 40. hxg6+ hxg6 41. Qh4 Ke8 42. Qh8+ Kd7 43. Qh7+ Kc6 44. Qxg6 1-0


[Site "https://www.chess.com"]

[Event "Titled Tuesday Blitz May 30 Late 2023"]
[White "Chylewski, Patryk"]
[Black "Rangel, Daniel"]
[WhiteFideId "1186191"]
[BlackFideId "2124475"]
[WhiteElo "2163"]
[BlackElo "2256"]
[Result "1-0"]
[Round "09"]
[TimeControl "180+2"]
[Date "2023.05.31"]
[WhiteClock "0:00:08"]
[BlackClock "0:00:08"]

1. e4 c5 2. Nf3 g6 3. c3 Bg7 4. d4 cxd4 5. cxd4 d5 6. e5 Bg4 7. Be2 e6 8. O-O Ne7 9. Nbd2 Nbc6 10. h3 Bxf3 11. Nxf3 O-O 12. b3 a6 13. Ba3 b5 14. Bc5 Re8 15. a4 bxa4 16. bxa4 Qa5 17. Qd2 Qxd2 18. Nxd2 a5 19. Bb5 Rec8 20. Rfc1 Nf5 21. Nb3 Na7 22. Ba6 Rc7 23. Bb6 Nc6 24. Bb5 Rb7 25. Rxc6 Bf8 26. Bc5 Bh6 27. Ba3 Rbb8 28. Bc1 Bf8 29. Bd2 Bb4 30. Bxb4 axb4 31. g4 Nh4 32. Rc5 Nf3+ 33. Kf1 Ng5 34. h4 Ne4 35. Rc7 Rxb5 36. axb5 Rb8 37. Raa7 Nc3 38. Rxf7 Nxb5 39. Rg7+ Kf8 40. Raf7+ Ke8 41. Rg8+ Kxf7 42. Rxb8 Nc3 43. Rxb4 Ne4 44. Rb7+ Kg8 45. Nc5 h5 46. Nxe4 dxe4 47. gxh5 gxh5 48. Ke2 1-0


[Site "https://www.chess.com"]

[Event "Titled Tuesday Blitz May 30 Late 2023"]
[White "Tissir, Mohamed"]
[Black "Gutkin, Ilya"]
[WhiteFideId "9000240"]
[BlackFideId "16203470"]
[WhiteElo "2458"]
[BlackElo "2265"]
[Result "1-0"]
[Round "09"]
[TimeControl "180+2"]
[Date "2023.05.31"]
[WhiteClock "0:00:05"]
[BlackClock "0:00:06"]

1. e4 e6 2. d4 d5 3. Nc3 Nf6 4. exd5 exd5 5. Bd3 Bb4 6. Nf3 Qe7+ 7. Be3 Ng4 8. O-O Nxe3 9. fxe3 Qxe3+ 10. Kh1 O-O 11. Nxd5 Qe6 12. Nxb4 a5 13. Bxh7+ Kh8 14. Ng5 Qh6 15. Nxf7+ Rxf7 16. Rxf7 Kxh7 17. Nd3 Nc6 18. c3 Be6 19. Rxc7 Rf8 20. Nc5 Bd5 21. Qd3+ Kh8 22. Rf1 Re8 23. c4 Re3 24. Rc8+ Bg8 25. Qd2 Ne7 26. Re8 Kh7 27. d5 Qg5 28. Nd7 Kh6 29. Qf2 Re4 30. Nf8 Rh4 31. h3 Nxd5 32. cxd5 Bxd5 33. Kh2 Bc6 34. Re6+ g6 35. Rxg6+ Qxg6 36. Nxg6 Kxg6 37. Qf6+ Kh7 38. Qxh4+ Kg7 39. Qg3+ Kh6 40. Rf4 Kh5 41. Rh4# 1-0


[Site "https://www.chess.com"]

[Event "Titled Tuesday Blitz May 30 Late 2023"]
[White "Ansh M Shah"]
[Black "Ladan, Nicholas"]
[WhiteFideId "25033379"]
[BlackFideId "30918855"]
[WhiteElo "2084"]
[BlackElo "2167"]
[Result "1-0"]
[Round "09"]
[TimeControl "180+2"]
[Date "2023.05.31"]
[WhiteClock "0:00:45"]
[BlackClock "0:00:01"]

1. d4 d5 2. c4 e6 3. g3 Nf6 4. Bg2 Bb4+ 5. Nd2 O-O 6. Nf3 dxc4 7. Qc2 b5 8. a4 c6 9. axb5 cxb5 10. Ng5 h6 11. Nxf7 Rxf7 12. Bxa8 Qxd4 13. O-O Ng4 14. Nf3 Qb6 15. Qe4 Nf6 16. Qc2 Bc5 17. Bf4 Nd5 18. e3 Nb4 19. Qe4 Nd7 20. Ne5 Nf6 21. Qg6 Re7 22. Bxh6 Bb7 23. Bxb7 Qxb7 24. Bg5 Nbd5 25. e4 Rf7 26. exd5 Nxd5 27. Qxf7+ Qxf7 28. Nxf7 Kxf7 29. Be3 Nxe3 30. fxe3+ Ke7 31. Kf2 b4 32. Rfc1 c3 33. bxc3 b3 34. Rcb1 1-0


[Site "https://www.chess.com"]

[Event "Titled Tuesday Blitz May 30 Late 2023"]
[White "Qiao, Cindy"]
[Black "Bringas Gomez, Artai"]
[WhiteFideId "2620243"]
[BlackFideId "24534064"]
[WhiteElo "1777"]
[BlackElo "2179"]
[Result "1-0"]
[Round "09"]
[TimeControl "180+2"]
[Date "2023.05.31"]
[WhiteClock "0:00:23"]
[BlackClock "0:00:11"]

1. d4 d5 2. Nf3 c6 3. Bf4 Bf5 4. e3 e6 5. Be2 Bd6 6. Ne5 Ne7 7. Nd2 O-O 8. g4 Bg6 9. h4 f6 10. Nxg6 hxg6 11. Bxd6 Qxd6 12. Bd3 e5 13. c3 e4 14. Bc2 Nd7 15. Qe2 a5 16. O-O-O b5 17. f3 exf3 18. Qxf3 b4 19. c4 dxc4 20. Nxc4 Qe6 21. Kb1 a4 22. Nd2 b3 23. axb3 a3 24. bxa3 Rxa3 25. Kb2 Ra7 26. Ra1 Rb7 27. h5 g5 28. Qe4 Qxe4 29. Bxe4 Nb6 30. Rhc1 Ned5 31. Re1 Re7 32. Bxd5+ Nxd5 33. e4 Nf4 34. Kc3 Rd8 35. Nc4 Red7 36. Rad1 Ne6 37. d5 cxd5 38. exd5 Nc5 39. d6 Rb8 40. Rb1 Kf7 41. Rf1 Kg8 42. Rf5 Ne4+ 43. Kd3 Nxd6 44. Rd5 Rbd8 45. Nb6 Rb7 46. Nc4 Nf7 47. Rxd8+ Nxd8 48. b4 Rd7+ 49. Kc3 Kf7 50. b5 Nb7 51. Rf1 Ke6 52. Re1+ Kf7 53. Rf1 Ke6 54. Kb4 Rd4 55. Re1+ Kd5 56. Rd1 Rxd1 57. Ne3+ Ke4 58. Nxd1 Kf3 59. b6 Kxg4 60. Kb5 Nd8 61. Nf2+ Kf3 62. Nd3 g4 63. Nb4 g3 64. Nc6 g2 65. Nxd8 g1=Q 66. b7 Qb1+ 67. Kc6 Qc2+ 68. Kd7 Qd3+ 69. Kc7 Qc4+ 70. Nc6 Qf4+ 71. Kc8 Qf5+ 72. Kc7 Qf4+ 73. Kc8 f5 74. b8=Q Qxb8+ 75. Kxb8 f4 76. Kc7 Ke4 77. Na5 f3 78. Nc4 f2 79. Nd2+ Kf4 80. Kd6 Ke3 81. Nf1+ Ke2 82. Nh2 Ke3 83. Ke5 f1=Q 84. Nxf1+ Kf2 85. Kf5 Kxf1 86. Kg6 Kg2 87. Kxg7 Kg3 88. h6 Kg4 89. h7 Kf5 90. h8=Q Ke6 91. Qh6+ Ke7 92. Qf6+ Ke8 93. Qf7+ Kd8 94. Kf6 Kc8 95. Ke6 Kb8 96. Kd6 Kc8 97. Kc6 Kd8 98. Qd7# 1-0


[Site "https://www.chess.com"]

[Event "Titled Tuesday Blitz May 30 Late 2023"]
[White "Smiechu"]
[Black "Minko, Dmitry"]
[BlackFideId "24188468"]
[WhiteElo "2357"]
[BlackElo "2147"]
[Result "1-0"]
[Round "09"]
[TimeControl "180+2"]
[Date "2023.05.31"]
[WhiteClock "0:02:33"]
[BlackClock "0:01:13"]

1. e4 e5 2. Nf3 Nc6 3. Bb5 Nf6 4. Qe2 Bc5 5. O-O O-O 6. c3 d6 7. h3 h6 8. Rd1 a6 9. Ba4 b5 10. Bc2 Bb7 11. d4 exd4 12. cxd4 Bb6 13. Nc3 Re8 14. a3 Qe7 15. Qd3 b4 16. Nd5 Nxe4 17. Nxe7+ 1-0


[Site "https://www.chess.com"]

[Event "Titled Tuesday Blitz May 30 Late 2023"]
[White "Janaszak, Dawid"]
[Black "Magallanes, Rey Jomar"]
[WhiteFideId "1119206"]
[BlackFideId "5205948"]
[WhiteElo "2220"]
[BlackElo "2284"]
[Result "0-1"]
[Round "09"]
[TimeControl "180+2"]
[Date "2023.05.31"]
[WhiteClock "0:00:09"]
[BlackClock "0:00:10"]

1. e4 c5 2. Nf3 d6 3. b4 Nf6 4. bxc5 dxc5 5. Nc3 Nc6 6. Bc4 e6 7. O-O Be7 8. e5 Nd5 9. Bb2 O-O 10. Qe2 a6 11. a4 Na5 12. Ba2 Nc6 13. Qe4 Nxc3 14. Bxc3 Qc7 15. Rab1 b5 16. h4 b4 17. Bb2 Bb7 18. Qg4 Na5 19. d3 Bc6 20. Bc1 Rfe8 21. h5 Bxf3 22. gxf3 Qxe5 23. h6 Nc6 24. f4 Qf6 25. f5 Nd4 26. fxe6 Nf3+ 27. Kg2 Nh4+ 28. Kh3 fxe6 29. Qxe6+ Qxe6+ 30. Bxe6+ Kh8 31. Bb2 Bf6 32. Bxf6 gxf6 33. Bd5 Rad8 34. Be4 f5 35. Bb7 Nf3 36. Rh1 Nd4 37. Bxa6 Rd6 38. Kg3 Rxa6 39. Kf4 Rg6 40. f3 Rf6 41. Kg5 Ref8 42. Rbc1 Ne6+ 43. Kh4 Rxh6+ 44. Kg3 Rg8+ 45. Kf2 Rxh1 46. Rxh1 f4 47. Re1 Nd4 48. Re5 Nxc2 49. a5 b3 50. Rxc5 Rb8 51. a6 b2 52. a7 b1=Q 53. axb8=Q+ Qxb8 54. Rxc2 Qb6+ 55. Kg2 Qe3 56. Rc8+ Kg7 57. d4 Qe2+ 58. Kh3 Qxf3+ 59. Kh4 Qg3+ 60. Kh5 Qh3+ 61. Kg5 Qxc8 0-1


[Site "https://www.chess.com"]

[Event "Titled Tuesday Blitz May 30 Late 2023"]
[White "Liu, Casper"]
[Black "Cardozo Munar, Carlos Eduardo"]
[WhiteFideId "1454153"]
[BlackFideId "4409477"]
[WhiteElo "2221"]
[BlackElo "2067"]
[Result "1-0"]
[Round "09"]
[TimeControl "180+2"]
[Date "2023.05.31"]
[WhiteClock "0:00:43"]
[BlackClock "0:00:03"]

1. a3 Nf6 2. d4 g6 3. Nc3 Bg7 4. e4 d6 5. Bg5 O-O 6. Qd2 Nbd7 7. O-O-O c5 8. dxc5 Nxc5 9. f3 Be6 10. Bh6 b5 11. h4 a5 12. Bxb5 Rb8 13. h5 Qc7 14. Kb1 Rfc8 15. hxg6 fxg6 16. Bxg7 Kxg7 17. Qh6+ Kg8 18. Nh3 Bxh3 19. Qxh3 e6 20. Bc4 Kf8 21. Ka1 Qb6 22. Nb5 d5 23. exd5 exd5 24. Qh6+ Kg8 25. Rxd5 Ne6 26. Rd6 Rxc4 27. Rxb6 Rxb6 28. Qe3 Rcc6 29. a4 Kg7 30. Qh6+ Kg8 31. Rd1 Rxc2 32. Qe3 Rcc6 33. g4 1-0


[Site "https://www.chess.com"]

[Event "Titled Tuesday Blitz May 30 Late 2023"]
[White "Osmonbekov, Talaibek"]
[Black "Senft, Sean"]
[WhiteFideId "2017253"]
[BlackFideId "2044960"]
[WhiteElo "2135"]
[BlackElo "1989"]
[Result "1-0"]
[Round "09"]
[TimeControl "180+2"]
[Date "2023.05.31"]
[WhiteClock "0:01:52"]
[BlackClock "0:02:16"]

1. d4 d5 2. Bf4 Nf6 3. Nc3 c6 4. e3 Bf5 5. f3 e6 6. g4 Bg6 7. h4 h5 8. g5 Nfd7 9. Bd3 Bxd3 10. Qxd3 Nb6 11. O-O-O Bd6 12. Nge2 Bxf4 13. exf4 g6 14. f5 exf5 15. Nf4 O-O 16. Nce2 Na6 17. c3 Re8 18. Nxh5 gxh5 19. Nf4 Qd7 20. Nxh5 Nc4 21. Nf6+ Kg7 22. Nxd7 f4 23. Qf5 Ne3 24. Qf6+ Kg8 25. g6 1-0


[Site "https://www.chess.com"]

[Event "Titled Tuesday Blitz May 30 Late 2023"]
[White "Makridis, Dimitrios"]
[Black "Liu, Kelsey"]
[WhiteFideId "25864475"]
[BlackFideId "30944481"]
[WhiteElo "2277"]
[BlackElo "2259"]
[Result "1-0"]
[Round "09"]
[TimeControl "180+2"]
[Date "2023.05.31"]
[WhiteClock "0:00:02"]
[BlackClock "0:00:04"]

1. e4 c5 2. Nc3 Nc6 3. Nf3 e6 4. d4 cxd4 5. Nxd4 Nf6 6. a3 Be7 7. Nxc6 bxc6 8. e5 Nd5 9. Qg4 g6 10. Bd3 Nxc3 11. bxc3 d6 12. exd6 Qxd6 13. O-O e5 14. Qg3 Be6 15. Re1 Bf6 16. Bg5 Bg7 17. Rad1 Qxa3 18. Be4 O-O 19. Qh4 Qxc3 20. h3 f5 21. Bd3 Bd5 22. Bf1 a5 23. Re3 Qxc2 24. Rg3 Rf7 25. Rc1 Qe4 26. Qxe4 Bxe4 27. Rgc3 a4 28. f3 Bd5 29. Be3 e4 30. R3c2 a3 31. fxe4 Bxe4 32. Ra2 Bd5 33. Bc4 Bxc4 34. Rxc4 Rb7 35. Bc5 Rb2 36. Rxa3 Rxa3 37. Bxa3 Rb1+ 38. Kf2 Rb6 39. Bc5 Rb5 40. Bd6 Rd5 41. Rxc6 Bd4+ 42. Kf3 Kg7 43. Rc7+ Kh6 44. Bf8+ Kg5 45. Rxh7 Bf6 46. h4# 1-0


[Site "https://www.chess.com"]

[Event "Titled Tuesday Blitz May 30 Late 2023"]
[White "Do Nascimento,Christian Almeida"]
[Black "Shapiro, Daniel"]
[WhiteFideId "2143801"]
[BlackFideId "2001780"]
[WhiteElo "2118"]
[BlackElo "2358"]
[Result "0-1"]
[Round "09"]
[TimeControl "180+2"]
[Date "2023.05.31"]
[WhiteClock "0:00:08"]
[BlackClock "0:00:38"]

1. e4 c5 2. Nf3 e6 3. c4 a6 4. Nc3 Qc7 5. d4 cxd4 6. Nxd4 Nf6 7. Bd3 Bd6 8. h3 Nc6 9. Nxc6 dxc6 10. O-O O-O 11. f4 e5 12. Qf3 b5 13. cxb5 axb5 14. fxe5 Bxe5 15. Bf4 Bxf4 16. Qxf4 Qxf4 17. Rxf4 Nd7 18. Bc2 Ne5 19. Ne2 Rd8 20. Bb3 Be6 21. Bxe6 fxe6 22. a3 Rd2 23. Ng3 Rxb2 24. Rd1 Rb3 25. Nh5 Rbxa3 26. Rd6 Re8 27. Rf2 b4 28. Nf4 b3 29. Rxe6 Rxe6 30. Nxe6 Ra8 31. Nd4 Nd3 32. Rd2 b2 0-1


[Site "https://www.chess.com"]

[Event "Titled Tuesday Blitz May 30 Late 2023"]
[White "Uzcategui Rodriguez, Alejandro"]
[Black "micke12a"]
[WhiteFideId "3903400"]
[WhiteElo "2252"]
[BlackElo "2404"]
[Result "1-0"]
[Round "09"]
[TimeControl "180+2"]
[Date "2023.05.31"]
[WhiteClock "0:00:08"]
[BlackClock "0:00:06"]

1. d4 Nf6 2. Nf3 d5 3. c3 c6 4. Bg5 Bf5 5. Qb3 Qb6 6. Nbd2 e6 7. e3 Be7 8. Be2 O-O 9. Ne5 h6 10. Bh4 c5 11. O-O c4 12. Qxb6 axb6 13. a3 g5 14. Bg3 b5 15. h3 Nbd7 16. Bf3 Nb6 17. Rfe1 Na4 18. Ra2 Bc2 19. e4 dxe4 20. Nxe4 Bb3 21. Nxf6+ Bxf6 22. Nd7 Bxa2 23. Nxf6+ Kg7 24. Be5 Rfd8 25. Re2 Bb1 26. Bxb7 Ra7 27. Bc6 Bd3 28. Rd2 Kg6 29. Bxb5 Rda8 30. Bc6 Rc8 31. Bf3 Ra5 32. Bb7 Rf8 33. Bc6 Rc8 34. Bf3 Rb5 35. Bh5+ Kg7 36. Ne8+ Kg8 37. Nd6 Rxb2 38. Rxb2 Nxb2 39. Nxc8 Na4 40. d5 exd5 41. Nd6 f5 42. Bg6 d4 43. Bxd4 Kf8 44. Bxf5 Be2 45. Bg4 Ke7 46. Bxe2 Kxd6 47. Bxc4 Nb2 48. Be2 Na4 49. Kf1 Kd5 50. Ke1 Ke4 51. Kd2 Nb2 52. Bf3+ Kf4 53. Bd5 Na4 54. c4 g4 55. hxg4 Kxg4 56. Bc6 h5 57. Bxa4 h4 58. Bd7+ Kf4 59. Bh3 Ke4 60. Be3 1-0


[Site "https://www.chess.com"]

[Event "Titled Tuesday Blitz May 30 Late 2023"]
[White "Womacka, Mathias"]
[Black "Dragomirescu, Calin"]
[WhiteFideId "4611390"]
[BlackFideId "1200895"]
[WhiteElo "2377"]
[BlackElo "2010"]
[Result "0-1"]
[Round "09"]
[TimeControl "180+2"]
[Date "2023.05.31"]
[WhiteClock "0:00:18"]
[BlackClock "0:00:30"]

1. e4 g6 2. d4 Bg7 3. Nc3 d6 4. f4 Nf6 5. Nf3 O-O 6. Bd3 Na6 7. O-O c5 8. d5 Rb8 9. f5 Qa5 10. fxg6 hxg6 11. Qe1 Nb4 12. Qh4 Nxd3 13. cxd3 c4 14. dxc4 Qc5+ 15. Kh1 Qxc4 16. Bh6 Bg4 17. Ng5 Bh5 18. h3 Bxh6 19. g4 Bxg5 20. Qxg5 Nxe4 21. Qf4 Qd3 22. Rf3 g5 23. Qxe4 Qxe4 24. Nxe4 Bg6 25. Nxg5 f6 26. Ne6 Be4 27. Kg2 Rfc8 28. Kg3 Bxf3 29. Kxf3 Rc2 30. Rb1 Rbc8 31. h4 Rc1 32. Rxc1 Rxc1 33. g5 fxg5 34. hxg5 Rc2 35. Ke4 Rxb2 36. Kf5 Rxa2 37. Kg6 a5 38. Nd8 a4 39. Nf7 a3 40. Nh6+ Kf8 41. Kh7 Rg2 42. g6 a2 43. Nf5 a1=Q 0-1


[Site "https://www.chess.com"]

[Event "Titled Tuesday Blitz May 30 Late 2023"]
[White "Padalka, Artem"]
[Black "Sanhueza, Cristian"]
[WhiteFideId "14118637"]
[BlackFideId "116815"]
[WhiteElo "2073"]
[BlackElo "2174"]
[Result "0-1"]
[Round "09"]
[TimeControl "180+2"]
[Date "2023.05.31"]
[WhiteClock "0:00:24"]
[BlackClock "0:00:17"]

1. Nf3 Nf6 2. c4 g6 3. g3 Bg7 4. Bg2 O-O 5. O-O d6 6. Nc3 Nc6 7. Rb1 a5 8. a3 e5 9. d3 h6 10. b4 axb4 11. axb4 Be6 12. b5 Ne7 13. Nd2 d5 14. cxd5 Nexd5 15. Bb2 Nxc3 16. Bxc3 Nd5 17. Bb2 Kh7 18. Ne4 b6 19. Nd2 f5 20. Nc4 Qe8 21. Bxe5 Ra2 22. e3 Bxe5 23. Nxe5 Nc3 24. Qe1 Nxb1 25. Qxb1 Ra5 26. Bc6 Qe7 27. d4 Qd6 28. Rc1 Qa3 29. Bf3 Ra7 30. Nc6 Ra4 31. d5 Bd7 32. Ne5 Qd6 33. Nc4 Qb4 34. Qxb4 Rxb4 35. Ne5 Bxb5 36. Rxc7+ Kg8 37. d6 Rb1+ 38. Kg2 Bf1+ 39. Kg1 Bh3+ 0-1


[Site "https://www.chess.com"]

[Event "Titled Tuesday Blitz May 30 Late 2023"]
[White "Kovalevsky, Stanislav"]
[Black "Prieto Aranguren, Alain"]
[WhiteFideId "13508598"]
[BlackFideId "2268906"]
[WhiteElo "2174"]
[BlackElo "2209"]
[Result "1-0"]
[Round "09"]
[TimeControl "180+2"]
[Date "2023.05.31"]
[WhiteClock "0:00:28"]
[BlackClock "0:00:49"]

1. c4 g6 2. Nc3 Bg7 3. g3 e5 4. Bg2 Ne7 5. h4 h5 6. d3 O-O 7. Nf3 c6 8. Bg5 f6 9. Bd2 d5 10. O-O d4 11. Ne4 Na6 12. b4 Bf5 13. Ne1 Rc8 14. Rb1 b6 15. Qa4 Nc7 16. Qxa7 Ne6 17. Qa3 Bxe4 18. Bxe4 f5 19. Bg2 f4 20. c5 Nf5 21. Qb3 Qe7 22. cxb6 fxg3 23. Bg5 gxf2+ 24. Rxf2 Bf6 25. b7 Rc7 26. Nf3 Rxb7 27. Nxe5 Bxg5 28. hxg5 Ne3 29. Nxg6 1-0


[Site "https://www.chess.com"]